 Dungeon Sprint DCSS version bcrawl-1.12.1 (webtiles) character file.

Game seed: 17355986796812024816

567638 Groucho the End of an Era (level 22, 169/169 HPs)
             Began as a Gargoyle Fighter on July 12, 2019.
             Was the Champion of Qazlal.
             Escaped with the Orb!
             The game lasted 00:49:50 (7010 turns).

Groucho the End of an Era (Gargoyle Fighter)        Turns: 7010, Time: 00:49:50

Health: 169/169    AC: 62    Str: 34    XL:     22   Next: 1%
Magic:  46/48      EV: 25    Int:  9    God:    Qazlal [******]
Gold:   0          SH: 49    Dex: 26    Spells: 65/65 levels left

rFire    + + +     SeeInvis +   o - +14 obsidian axe {chop, +Fly SInv *Curse} (curse)
rCold    + + .     Gourm    .   n - +18 shield of the Gong {rElec rN+ MR+ EV-5}
rNeg     + + +     Faith    .   a - +12 gold dragon scales
rPois    ∞         Spirit   .   D - -2 hat of the Alchemist {rElec rPois rF+ rC+ rN+ MR+ rMut rCorr}
rElec    +         Reflect  +   C - +1 cloak {MR+}
rCorr    +         Harm     .   X - +0 pair of fencer's gloves {Riposte Dex+3}
rMut     +         NoTele   +   F - +1 pair of boots "Puappay" {rCorr Dex+2 SInv}
MR       ++++.                  E - amulet "Juof" {Reflect Str+4 SH+2}
Stlth    ..........             z - +6 ring of dexterity
HPRegen  0.38/turn              T - ring of Lulif {Wiz rF+ Str+6}
MPRegen  0.31/turn

@: flying, repel missiles
A: big wings, negative energy resistance 1, electricity resistance, unbreathing,
petrification resistance, rot immunity, AC +16
0: Orb of Zot
a: Stop Flying, Upheaval, Elemental Force, Disaster Area, Renounce Religion


You escaped.
You worshipped Qazlal.
Qazlal was exalted by your worship.
You were not hungry.

You visited 1 branch

Inventory:

Hand Weapons
 b - the +6 Majin-Bo {vamp, Archmagi MP+6 Int+6}
   (You found it in the Dungeon)

   It inflicts no extra harm, but heals its wielder when it wounds a living foe.
   It affects your intelligence (+6).
   It affects your magic capacity (+6).
 c - the +9 heavy crossbow "Sniper" {velocity, Acc+∞ SInv}
   (You found it in the Dungeon)

   Any bolt fired from it inflicts extra damage.
   It lets you see invisible.
 l - the +10 dark maul {crush}
   (You found it in the Dungeon)

   It inflicts extra damage upon your enemies.
 o - the cursed +14 obsidian axe (weapon) {chop, +Fly SInv *Curse}
   (You found it in the Dungeon)

   It inflicts extra damage upon your enemies.
   It lets you see invisible.
   It lets you fly.
   It curses itself when equipped.
   It has a curse placed upon it.
 p - the +7 great mace "Firestarter" {inner flame, rF++}
   (You found it in the Dungeon)

   It has been specially enchanted to burn those struck by it, causing extra
   injury to most foes and up to half again as much damage against particularly
   susceptible opponents.
   It greatly protects you from fire.
 q - the +6 shillelagh "Devastator" {shatter}
   (You found it in the Dungeon)
 r - the +11 plutonium sword {*Contam Stlth-}
   (You found it in the Dungeon)

   It causes magical contamination when unequipped.
   It makes you less stealthy.
 s - the +8 lance "Wyrmbane" {slay drac, rPois rF+ rC+ AC+3}
   (You found it in the Dungeon)

   It affects your AC (+3).
   It protects you from fire.
   It protects you from cold.
   It protects you from poison.
 t - the +9 sword of Zonguldrok {reap}
   (You found it in the Dungeon)

   If a monster killed with it leaves a corpse in good enough shape, the corpse
   will be animated as a zombie friendly to the killer.
 u - the cursed +13 scythe of Curses {drain, *Curse}
   (You found it in the Dungeon)

   A truly terrible weapon, it drains the life of those it strikes.
   It curses itself when equipped.
   It has a curse placed upon it.
 v - the +0 sword of Power
   (You found it in the Dungeon)
 w - the +7 mace of Variability {chain chaos}
   (You found it in the Dungeon)

   Each time it hits an enemy it has a different, random effect.
 x - the +7 Singing Sword {slice, sonic wave}
   (You found it in the Dungeon)

   It inflicts extra damage upon your enemies.
 y - the +7 longbow "Piercer" {penet, EV-2}
   (You found it in the Dungeon)

   Ammo fired by it will pass through the targets it hits, potentially hitting
   all targets in its path until it reaches maximum range.
   It affects your evasion (-2).
 B - the +7 Spriggan's Knife {stab, EV+4 Stlth+}
   (You found it in the Dungeon)

   It affects your evasion (+4).
   It makes you more stealthy.
 W - the +11 trident of Duol {antimagic, *Slow rC+ rN+ MR++}
   (You found it in the Dungeon)

   It reduces the magical energy of the wielder, and disrupts the spells and
   magical abilities of those hit.
   Natural abilities and divine invocations are not affected.
   It protects you from cold.
   It protects you from negative energy.
   It affects your resistance to hostile enchantments.
   It may slow you when you take damage.
Armour
 a - +12 gold dragon scales (worn)
 m - the +15 Maxwell's patent armour {-Cast -Tele rElec MR+ rCorr}
   (You found it in the Dungeon)

   It insulates you from electricity.
   It affects your resistance to hostile enchantments.
   It prevents spellcasting.
   It prevents most forms of teleportation.
   It provides partial protection from all sources of acid and corrosion.
 n - the +18 shield of the Gong (worn) {rElec rN+ MR+ EV-5}
   (You found it in the Dungeon)

   It affects your evasion (-5).
   It insulates you from electricity.
   It protects you from negative energy.
   It affects your resistance to hostile enchantments.
 C - a +1 cloak of magic resistance (worn)
 D - the -2 hat of the Alchemist (worn) {rElec rPois rF+ rC+ rN+ MR+ rMut rCorr}
   (You found it in the Dungeon)

   It protects you from fire.
   It protects you from cold.
   It insulates you from electricity.
   It protects you from poison.
   It protects you from negative energy.
   It affects your resistance to hostile enchantments.
   It provides partial protection from all sources of acid and corrosion.
   It protects you from mutation.
 F - the +1 pair of boots "Puappay" (worn) {rCorr Dex+2 SInv}
   (You found it in the Dungeon)

   It affects your dexterity (+2).
   It lets you see invisible.
   It provides partial protection from all sources of acid and corrosion.
 X - the +0 pair of fencer's gloves (worn) {Riposte Dex+3}
   (You found it in the Dungeon)

   It affects your dexterity (+3).
 Y - the +1 pair of gloves of Qazlal's Hatred {rElec Str+3 Dex+4 Slay+6}
   (You found it in the Dungeon)

   It affects your strength (+3).
   It affects your dexterity (+4).
   It affects your accuracy and damage with ranged weapons and melee attacks
   (+6).
   It insulates you from electricity.
Jewellery
 g - the ring of Nioganiq {+Inv rF- MR+++ AC+2 Stlth+}
   (You found it in the Dungeon)

   [ring of protection]

   It affects your AC (+2).
   It makes you vulnerable to fire.
   It affects your resistance to hostile enchantments.
   It lets you turn invisible.
   It makes you more stealthy.
 z - a +6 ring of dexterity (left hand)
 A - the ring "Cucvo" {rN+ MR+++ Str+7 Dex-5 SInv}
   (You found it in the Dungeon)

   [ring of see invisible]

   It affects your strength (+7).
   It affects your dexterity (-5).
   It protects you from negative energy.
   It affects your resistance to hostile enchantments.
   It lets you see invisible.
 E - the amulet "Juof" (around neck) {Reflect Str+4 SH+2}
   (You found it in the Dungeon)

   [amulet of reflection]

   It shields you and reflects attacks.
   It affects your strength (+4).
   It affects your SH (+2).
 T - the ring of Lulif (right hand) {Wiz rF+ Str+6}
   (You found it in the Dungeon)

   [ring of wizardry]

   It improves your spell success rate.
   It affects your strength (+6).
   It protects you from fire.
 V - the ring "Zidi Jua" {rC+ EV+2}
   (You found it in the Dungeon)

   [ring of evasion]

   It affects your evasion (+2).
   It protects you from cold.
Wands
 G - a wand of iceblast (7)
Scrolls
 k - 4 scrolls of blinking
 N - 4 scrolls of amnesia
 O - 7 scrolls of fog
 P - 3 scrolls of holy word
 Q - 5 scrolls of identify
 R - 5 scrolls of remove curse
 S - 2 scrolls of fear
 U - 2 scrolls of brand weapon
 Z - 5 scrolls of enchant armour
Potions
 d - 6 potions of might
 e - a potion of curing
 h - 9 potions of haste
 i - 5 potions of magic
 j - 3 potions of berserk rage
 H - 4 potions of heal wounds
 I - 2 potions of brilliance
 J - 2 potions of invisibility
 K - 4 potions of resistance
 M - 5 potions of agility
Comestibles
 f - 3 rations {!d}


   Skills:
 O Level 27 Fighting
 O Level 27 Axes
 O Level 27 Armour
 O Level 27 Dodging
 O Level 27 Shields
 + Level 22.3 Spellcasting
   Level 2.1 Conjurations
   Level 2.9 Fire Magic
   Level 2.3 Earth Magic
 O Level 27 Invocations


You had 65 spell levels left.
You didn't know any spells.
Your spell library contained the following spells:

 Spells                   Type           Power        Failure   Level  Hunger
 Flame Tongue             Conj/Fire      ##...        2%          1    None
 Sandblast                Erth           ##....       2%          1    None
 Magic Dart               Conj           ##..         3%          1    None
 Shock                    Conj/Air       ##...        4%          1    None
 Sting                    Conj/Pois      ##..         4%          1    None
 Searing Ray              Conj           ##....       4%          2    None
 Passwall                 Tmut/Erth      ##......     7%          2    None
 Throw Frost              Conj/Ice       ##....       7%          2    None
 Animate Skeleton         Necr           N/A          8%          1    None
 Apportation              Tloc           ##....       8%          1    None
 Beastly Appendage        Tmut           ##....       8%          1    None
 Blink Other              Tloc           ##....       8%          1    None
 Corona                   Hex            ##.....      8%          1    None
 Freeze                   Ice            ##....       8%          1    None
 Infusion                 Chrm           ##......     8%          1    None
 Pain                     Necr           ##..         8%          1    None
 Slow                     Hex            ##......     8%          1    None
 Summon Butterflies       Summ           ##......     8%          1    None
 Summon Small Mammal      Summ           ##..         8%          1    None
 Conjure Flame            Conj/Fire      ##......     8%          3    None
 Iskenderun's Mystic Bla  Conj           ##......     9%          3    None
 Stone Arrow              Conj/Erth      ##....       9%          3    None
 Blink                    Tloc           N/A          11%         2    None
 Call Imp                 Summ           ##......     11%         2    None
 Corpse Rot               Necr           N/A          11%         2    None
 Ensorcelled Hibernation  Hex/Ice        ##....       11%         2    None
 Poisonous Vapours        Pois/Air       ##....       11%         2    None
 Shackle                  Hex            ##......     11%         2    None
 Song of Slaying          Chrm           ##......     11%         2    None
 Sticks to Snakes         Tmut           ##......     11%         2    None
 Swiftness                Chrm/Air       ##......     11%         2    None
 Inner Flame              Hex/Fire       N/A          12%         3    None
 Leda's Liquefaction      Hex/Erth       ##........   13%         3    None
 Dazzling Spray           Conj/Hex       ##....       14%         3    None
 Ignite Poison            Fire/Tmut/Pois ##......     16%         3    None
 Mephitic Cloud           Conj/Pois/Air  ##......     16%         3    None
 Beckoning                Tloc           ##........   21%         3    None
 Call Canine Familiar     Summ           ##......     21%         3    None
 Confuse                  Hex            ##......     21%         3    None
 False Image              Hex/Summ       ##......     21%         3    None
 Ozocubu's Armour         Chrm/Ice       ##......     21%         3    None
 Portal Projectile        Tloc           ##....       21%         3    None
 Recall                   Summ/Tloc      N/A          21%         3    None
 Regeneration             Chrm/Necr      ##........   21%         3    None
 Spectral Weapon          Hex/Chrm       ##......     21%         3    None
 Static Discharge         Air            ##......     21%         3    None
 Teleport Other           Tloc           ##......     21%         3    None
 Tukima's Dance           Hex            ##......     21%         3    None
 Vampiric Draining        Necr           ##........   21%         3    None
 Sticky Flame             Conj/Fire      ##......     26%         4    ##.....
 Petrify                  Tmut/Erth      ##......     38%         4    ##.....
 Throw Icicle             Conj/Ice       ##......     41%         4    ##.....
 Airstrike                Air            ##........   54%         4    ##.....
 Animate Dead             Necr           N/A          54%         4    ##.....
 Cause Fear               Hex            ##........   54%         4    ##.....
 Force Lance              Tloc           ##......     54%         4    ##.....
 Ice Form                 Ice/Tmut       ##......     54%         4    ##.....
 Olgreb's Toxic Radiance  Pois           ##......     54%         4    ##.....
 Summon Ice Beast         Ice/Summ       ##......     54%         4    ##.....
 Summon Scorpions         Summ/Pois      ##......     54%         4    ##.....
 Yara's Violent Unravell  Hex/Tmut       ##........   54%         4    ##.....
 Bolt of Magma            Conj/Fire/Erth ##........   54%         5    ####...
 Fireball                 Conj/Fire      ##........   54%         5    ####...
 Lee's Rapid Deconstruct  Erth           ##........   56%         5    ####...
 Bolt of Draining         Conj/Necr      ##........   75%         5    ####...
 Irradiate                Conj/Tmut      ##........   75%         5    ####...
 Lightning Bolt           Conj/Air       ##........   75%         5    ####...
 Venom Bolt               Conj/Pois      ##........   75%         5    ####...
 Agony                    Necr           ##......     86%         5    ####...
 Alistair's Intoxication  Tmut/Pois      ##......     86%         5    ####...
 Aura of Abjuration       Summ           ##........   86%         5    ####...
 Dispel Undead            Necr           ##......     86%         5    ####...
 Metabolic Englaciation   Hex/Ice        ##........   86%         5    ####...
 Piercing Shot            Chrm           ##........   86%         5    ####...
 Silence                  Hex/Air        ##........   86%         5    ####...
 Summon Demon             Summ           ##........   86%         5    ####...
 Summon Forest            Summ/Tloc      ##........   86%         5    ####...
 Summon Lightning Spire   Summ/Air       ##......     86%         5    ####...
 Summon Mana Viper        Hex/Summ       ##......     86%         5    ####...
 Tree Form                Hex/Tmut       N/A          86%         5    ####...
 Bolt of Fire             Conj/Fire      ##........   98%         6    ######.
 Iron Shot                Conj/Erth      ##........   98%         6    ######.
 Bolt of Cold             Conj/Ice       ##........   99%         6    ######.
 Borgnjor's Vile Clutch   Necr/Erth      ##........   99%         6    ######.
 Conjure Ball Lightning   Conj/Air       ##........   99%         6    ######.
 Darkness                 Hex            ##........   100%        6    ######.
 Death Channel            Necr           ##........   100%        6    ######.
 Deflect Missiles         Chrm/Air       ##........   100%        6    ######.
 Freezing Cloud           Conj/Ice/Air   ##........   100%        6    ######.
 Invisibility             Hex            ##......     100%        6    ######.
 Ozocubu's Refrigeration  Ice            ##........   100%        6    ######.
 Shadow Creatures         Summ           N/A          100%        6    ######.
 Simulacrum               Ice/Necr       ##........   100%        6    ######.
 Summon Hydra             Summ           ##........   100%        6    ######.
 Dragon Form              Tmut           ##.....      100%        7    #######
 Haunt                    Necr/Summ      ##........   100%        7    #######
 Icicle Burst             Conj/Ice       ##........   100%        7    #######
 Malign Gateway           Summ/Tloc      ##........   100%        7    #######
 Mana Rupture             Conj/Hex       ##........   100%        7    #######
 Monstrous Menagerie      Summ           ##........   100%        7    #######
 Ring of Flames           Chrm/Fire      ##........   100%        7    #######
 Spellforged Servitor     Conj/Summ      ##........   100%        7    #######
 Summon Greater Demon     Summ           ##........   100%        7    #######
 Chain Lightning          Conj/Air       ##........   100%        8    #######
 Controlled Blink         Tloc           N/A          100%        8    #######
 Discord                  Hex            ##........   100%        8    #######
 Ignition                 Fire           ###.......   100%        8    #######
 Summon Horrible Things   Summ           ##........   100%        8    #######
 Time Stop                Chrm/Tloc      N/A          100%        8    #######
 Dragon's Call            Summ           ##........   100%        9    #######
 Fire Storm               Conj/Fire      ##........   100%        9    #######
 Shatter                  Erth           ##........   100%        9    #######
 Tornado                  Air            ##........   100%        9    #######
 Sublimation of Blood     Necr           Unusable     N/A         2    N/A
 Passage of Golubria      Tloc           Unusable     N/A         5    N/A
 Statue Form              Tmut/Erth      Unusable     N/A         6    N/A

Dungeon Overview and Level Annotations

Branches:
Dungeon (1/1)

Altars:
Ashenzari
Cheibriados
Dithmenos
Elyvilon
Fedhas
Gozag
Hepliaklqana
Kikubaaqudgha
Lugonu
Makhleb
Nemelex Xobeh
Okawaru
Qazlal
Ru
Sif Muna
Trog
Uskayaw
Vehumet
Wu Jian
Xom
Yredelemnul
Zin
The Shining One
Beogh
Jiyva


Innate Abilities, Weirdness & Mutations

You are resistant to torment.
Your stone body is resilient. (AC +16)
You are immune to poison.
Your large and strong wings let you fly indefinitely.
You resist negative energy. (rN+)
You are resistant to electric shocks. (rElec)
You can survive without breathing.
You are immune to petrification.
You are immune to rotting.


Message History

The Executioner gestures.
The Executioner seems to speed up.
You slice the Executioner!!
You are no longer entranced.
You kill the Executioner!
Qazlal accepts your kill.
You have reached level 21!
Your experience leads to an increase in your attributes!
Your base attributes are Str 24, Int 9, Dex 14.
Increase (S)trength, (I)ntelligence, or (D)exterity?
You feel agile.
You feel more experienced!
Your Conjurations skill gained 2 levels and is now at level 2!
Your Fire Magic skill gained 2 levels and is now at level 2!
Your Earth Magic skill gained 2 levels and is now at level 2!
You have reached level 22!
Unknown command.
Okay, then.
There is a staircase leading out of the dungeon here.
You have escaped!

............▓.............▓...8©8
............▓..▓.......▓..▓......
............▓.............▓......
............▓.............▓......
............▓......©......▓......
............▓▓▓▓▓▓▓▓▓▓▓▓▓▓▓......
............▓8888888888888▓......
............▓8..).°.)....8▓..▓...
............▓8.)@§.°.)©..8▓.▓....
............▓8.○°.○......8▓....©.
....©.......▓8888888888888▓▓▓▓▓▓▓
▓▓▓▓▓▓▓▓▓▓▓▓▓▓▓▓▓▓▓▓▓▓▓▓▓▓▓▓▓▓▓▓▓
.....8©8........▓........8©8.....
................▓................
................▓................
................▓................
................▓................


There were no monsters in sight!

Vanquished Creatures
  A shard shrike (D)
  2 greater mummies (D)
  A caustic shrike (shapeshifter) (D)
  2 shard shrikes (shapeshifter) (D)
  18 pandemonium lords (D)
  A golden dragon (shapeshifter) (D)
  A bone dragon (D)
  A Shadow Fiend (D)
  A Brimstone Fiend (D)
  A lich (D)
  4 Orb Guardians (D)
  A quicksilver dragon (D)
  A quicksilver dragon (shapeshifter) (D)
  2 acid blobs (shapeshifter) (D)
  5 krakens (D)
  An Executioner (D)
  2 thorn hunters (D)
  A titan (shapeshifter) (D)
  4 storm dragons (D)
  A storm dragon (shapeshifter) (D)
  17 shadow dragons (D)
  A frost giant (D)
  An iron dragon (shapeshifter) (D)
  2 warmongers (D)
  4 ghost moths (D)
  3 emperor scorpions (D)
  2 balrugs (D)
  4 cacodemons (D)
  6 spriggan defenders (D)
  10 ghouls (D)
  6 reapers (D)
  A stone giant (shapeshifter) (D)
  5 entropy weavers (D)
  An apis (D)
  A dire elephant (D)
  A spark wasp (D)
  An ettin (D)
  A green death (D)
  2 crystal guardians (D)
  An ice dragon (shapeshifter) (D)
  8 spriggan air magi (D)
  A hell beast (D)
  3 shambling mangroves (D)
  An anaconda (D)
  2 anacondas (shapeshifter) (D)
  2 dancing weapons (D)
  A satyr (shapeshifter) (D)
  2 alligators (shapeshifter) (D)
  4 death scarabs (D)
  A hell hog (D)
  A hell knight (D)
  14 spriggan berserkers (D)
  2 vampire magi (D)
  15 soul eaters (D)
  5 iron golems (D)
  2 fire crabs (shapeshifter) (D)
  A sun demon (D)
  A skeletal warrior (D)
  A torturous demonspawn (D)
  A shadow demon (D)
  2 sea snakes (shapeshifter) (D)
  A flayed ghost (D)
  A lindwurm (shapeshifter) (D)
  A necromancer (D)
  2 phantasmal warriors (D)
  A wolf spider (shapeshifter) (D)
  5 deep elf magi (D)
  11 wolf spiders (D)
  A cyclops (shapeshifter) (D)
  3 orc knights (D)
  7 orb spiders (D)
  A shining eye (D)
  An oklob plant (D)
  An ugly thing (D)
  An orc sorcerer (D)
  2 mana vipers (shapeshifter) (D)
  5 moths of wrath (D)
  3 fauns (D)
  2 draconians (D)
  A manticore (shapeshifter) (D)
  4 rust devils (D)
  A guardian serpent (shapeshifter) (D)
  A torpor snail (shapeshifter) (D)
  An eye of devastation (shapeshifter) (D)
  A water nymph (shapeshifter) (D)
  A gargoyle (D)
  2 orange demons (D)
  7 demonic crawlers (D)
  3 freezing wraiths (D)
  A torpor snail (D)
  3 hellions (D)
  3 rime drakes (D)
  9 guardian mummies (D)
  4 tormentors (D)
  13 ice devils (D)
  4 red devils (D)
  2 merfolk (shapeshifter) (D)
  10 jumping spiders (D)
  2 meliai (shapeshifter) (D)
  2 polar bears (D)
  A troll (D)
  A tyrant leech (shapeshifter) (D)
  A queen bee (shapeshifter) (D)
  18 hornets (D)
  5 merfolk (D)
  6 wind drakes (D)
  2 dream sheep (shapeshifter) (D)
  A snapping turtle (shapeshifter) (D)
  2 hippogriffs (D)
  A hippogriff (shapeshifter) (D)
  4 flying skulls (D)
  6 shadows (D)
  2 tarantellas (D)
  9 redbacks (D)
  A tarantella (shapeshifter) (D)
  2 air elementals (D)
  8 wraiths (D)
  2 ushabtiu (D)
  A spriggan (D)
  A yak (D)
  4 golden eyes (shapeshifter) (D)
  2 water elementals (D)
  A golden eye (D)
  A human (shapeshifter) (D)
  A hungry ghost (D)
  2 neqoxecs (D)
  2 large abominations (D)
  2 wargs (D)
  4 insubstantial wisps (D)
  A floating eye (shapeshifter) (D)
  An ice beast (shapeshifter) (D)
  An orc warrior (D)
  2 ogres (D)
  2 necrophages (D)
  A centaur (D)
  A centaur (shapeshifter) (D)
  5 earth elementals (D)
  8 scorpions (D)
  3 wights (D)
  A crimson imp (D)
  3 jellies (D)
  3 iron imps (D)
  6 mummies (D)
  2 shadow imps (D)
  6 white imps (D)
  14 bat skeletons (D)
  9 bat zombies (D)
  A goblin (shapeshifter) (D)
  6 ball python skeletons (D)
  A ball python zombie (D)
  A bat simulacrum (D)
  2 giant cockroach zombies (D)
  2 jackal skeletons (D)
  8 jackal zombies (D)
  2 leopard gecko simulacra (D)
  11 leopard gecko skeletons (D)
  12 leopard gecko zombies (D)
  9 quokka skeletons (D)
  7 quokka zombies (D)
  5 briar patches (D)
  A butterfly (D)
  11 tentacles (D)
556 creatures vanquished.

Vanquished Creatures (collateral kills)
  A greater mummy (D)
  A pandemonium lord (D)
  An Orb Guardian (D)
  A sphinx (shapeshifter) (D)
  An emperor scorpion (D)
  An infernal demonspawn (D)
  An orc knight (D)
  A deep elf mage (D)
  A draconian (D)
  A jumping spider (D)
  A hornet (D)
  A tarantella (D)
  A fire elemental (D)
13 creatures vanquished.

Vanquished Creatures (others)
  An eldritch tentacle (D)
  A storm dragon (D)
  A golden eye (D)
  An insubstantial wisp (D)
  A white imp (D)
  A bat (shapeshifter) (D)
  7 tentacles (D)
13 creatures vanquished.

Grand Total: 582 creatures vanquished

Notes
Turn   | Place    | Note
-------+----------+-------------------------------------------
     0 | D        | Found the +6 Majin-Bo {vamp, Archmagi MP+6 Int+6}
     0 | D        | Found the +7 great mace "Firestarter" {inner flame, rF++}
     0 | D        | Groucho the Gargoyle Fighter began the quest for the Orb.
     0 | D        | Reached XP level 1. HP: 14/14 MP: 1/1
    18 | D        | Found a deep blue altar of Sif Muna.
    18 | D        | Found a bloodstained altar of Trog.
    18 | D        | Found a sacrificial altar of Ru.
    18 | D        | Found a stormy altar of Qazlal.
    18 | D        | Found an iron altar of Okawaru.
    23 | D        | Found a sparkling altar of Nemelex Xobeh.
    24 | D        | Found a corrupted altar of Lugonu.
    24 | D        | Found a burning altar of Makhleb.
    24 | D        | Found an ancient bone altar of Kikubaaqudgha.
    24 | D        | Found a transporter.
    24 | D        | Found a viscous altar of Jiyva.
    29 | D        | Found a hazy altar of Hepliaklqana.
    31 | D        | Found the +9 heavy crossbow "Sniper" {velocity, Acc+∞ SInv}
    31 | D        | Found the +10 dark maul {crush}
    31 | D        | Found the +15 Maxwell's patent armour {-Cast -Tele rElec
                  | MR+ rCorr}
    31 | D        | Found the +18 shield of the Gong {rElec rN+ MR+ EV-5}
    31 | D        | Found the cursed +14 obsidian axe {chop, +Fly SInv *Curse}
    33 | D        | Found the +6 shillelagh "Devastator" {shatter}
    33 | D        | Found the +11 plutonium sword {*Contam Stlth-}
    33 | D        | Found the +8 lance "Wyrmbane" {slay drac, rPois rF+ rC+
                  | AC+3}
    33 | D        | Found the +9 sword of Zonguldrok {reap}
    33 | D        | Found the cursed +13 scythe of Curses {drain, *Curse}
    33 | D        | Found the +0 sword of Power
    33 | D        | Found the +7 mace of Variability {chain chaos}
    33 | D        | Found the +7 Singing Sword {slice, sonic wave}
    33 | D        | Found the +7 longbow "Piercer" {penet, EV-2}
    60 | D        | Found a blossoming altar of Fedhas.
    62 | D        | Found an opulent altar of Gozag.
    77 | D        | Became a worshipper of Qazlal Stormbringer
    90 | D        | Entered arena 2.
    90 | D        | Found a transporter.
    98 | D        | Got the +8 dire flail "Celazeo" {venom, rF+}
   103 | D        | Entered arena 3.
   103 | D        | Noticed a draconian
   103 | D        | Noticed a draconian
   103 | D        | Noticed a draconian
   103 | D        | Found a transporter.
   111 | D        | Killed a draconian
   111 | D        | Reached * piety under Qazlal
   111 | D        | Reached skill level 5 in Axes
   111 | D        | Reached skill level 5 in Invocations
   111 | D        | Reached XP level 2. HP: 24/24 MP: 1/5
   111 | D        | Reached XP level 3. HP: 28/28 MP: 1/7
   111 | D        | Reached XP level 4. HP: 34/34 MP: 1/8
   111 | D        | Reached XP level 5. HP: 38/38 MP: 1/9
   111 | D        | Reached XP level 6. HP: 44/44 MP: 1/10
   112 | D        | Killed a draconian
   112 | D        | Reached XP level 7. HP: 50/50 MP: 1/12
   113 | D        | Killed a draconian
   113 | D        | Reached XP level 8. HP: 56/56 MP: 1/14
   118 | D        | Got the ring of Lulif {Wiz rF+ Str+6}
   126 | D        | Entered arena 4.
   126 | D        | Noticed a deep elf mage
   126 | D        | Noticed a +2 glaive of protection
   126 | D        | Noticed a +2 flail of holy wrath
   126 | D        | Found a transporter.
   129 | D        | Noticed a hellwing
   129 | D        | Killed a +2 flail of holy wrath
   129 | D        | Reached ** piety under Qazlal
   129 | D        | Reached skill level 10 in Fighting
   129 | D        | Reached skill level 10 in Armour
   129 | D        | Reached skill level 10 in Shields
   132 | D        | Killed a deep elf mage
   132 | D        | Reached XP level 9. HP: 38/62 MP: 4/16
   137 | D        | Killed a +2 glaive of protection
   137 | D        | Reached *** piety under Qazlal
   137 | D        | Reached skill level 10 in Invocations
   141 | D        | Got the +6 scimitar of Blood-Lust {freeze, rF- rN+ MP+9}
   145 | D        | Got the +5 short sword of Zuvit {pierce, Int+4 Stlth+}
   436 | D        | Entered arena 5.
   436 | D        | Found a transporter.
   437 | D        | Found the +4 robe of Augmentation {Str+4 Int+4 Dex+4}
   449 | D        | Entered arena 6.
   449 | D        | Noticed a jumping spider
   449 | D        | Found a transporter.
   450 | D        | Reached **** piety under Qazlal
   454 | D        | Killed a jumping spider
   918 | D        | Entered arena 7.
   918 | D        | Noticed a sun demon
   918 | D        | Noticed a soul eater
   918 | D        | Noticed a rust devil
   918 | D        | Noticed an ice devil
   918 | D        | Noticed an ice devil
   919 | D        | Found a transporter.
   921 | D        | Killed a soul eater
   921 | D        | Reached XP level 10. HP: 69/71 MP: 9/18
   925 | D        | Reached ***** piety under Qazlal
   927 | D        | Killed a rust devil
   927 | D        | Reached skill level 10 in Axes
   929 | D        | Killed a sun demon
   938 | D        | Got the +3 glaive of the Priest {freeze, Str+9}
  1098 | D        | Entered arena 8.
  1098 | D        | Noticed a cyan ugly thing
  1098 | D        | Noticed a shining eye
  1099 | D        | Found a transporter.
  1100 | D        | Killed a cyan ugly thing
  1100 | D        | Killed a shining eye
  1100 | D        | Reached ****** piety under Qazlal
  1383 | D        | Entered arena 9.
  1383 | D        | Noticed a deep elf mage
  1383 | D        | Noticed a deep elf mage
  1383 | D        | Noticed a deep elf mage
  1383 | D        | Noticed a deep elf mage
  1383 | D        | Noticed a deep elf mage
  1384 | D        | Killed a deep elf mage
  1384 | D        | Reached XP level 11. HP: 78/78 MP: 20/20
  1384 | D        | Killed a deep elf mage
  1384 | D        | Killed a deep elf mage
  1384 | D        | Killed a deep elf mage
  1384 | D        | Killed a deep elf mage
  1385 | D        | Found a transporter.
  1406 | D        | Got the amulet of Essacs {Inacc *Slow rElec Int+4 Dex+5}
  1411 | D        | Entered arena 10.
  1413 | D        | Found a transporter.
  1429 | D        | Got the amulet "Juof" {Reflect Str+4 SH+2}
  1613 | D        | Got the +3 spear of Doubt {elec, MR+}
  1615 | D        | Entered arena 11.
  1615 | D        | Noticed a wolf spider
  1615 | D        | Noticed a wolf spider
  1615 | D        | Noticed a wolf spider
  1616 | D        | Found a transporter.
  1617 | D        | Killed a wolf spider
  1619 | D        | Killed a wolf spider
  1621 | D        | Killed a wolf spider
  1646 | D        | Entered arena 12.
  1646 | D        | Noticed a vampire mage
  1647 | D        | Noticed a necromancer
  1649 | D        | Killed a necromancer
  1649 | D        | Reached XP level 12. HP: 86/86 MP: 19/22
  1649 | D        | Killed a vampire mage
  1650 | D        | Found a transporter.
  1660 | D        | Got Sif Muna's Almanac of Ignition and the Compass
  1902 | D        | Entered arena 13.
  1902 | D        | Noticed an apis
  1902 | D        | Noticed a shambling mangrove
  1902 | D        | Noticed a spriggan berserker
  1902 | D        | Noticed a spriggan air mage
  1902 | D        | Noticed a spriggan berserker
  1902 | D        | Noticed a shambling mangrove
  1902 | D        | Noticed a spriggan berserker
  1903 | D        | Identified the ring of the Will of the Gods {Fire *Slow
                  | rPois Str+5 Dex+2}
  1903 | D        | Noticed a spriggan defender
  1903 | D        | Noticed a spriggan berserker
  1904 | D        | Found a transporter.
  1906 | D        | Noticed a death yak
  1906 | D        | Killed a spriggan berserker
  1907 | D        | Killed a spriggan air mage
  1907 | D        | Killed a spriggan berserker
  1907 | D        | Reached skill level 15 in Fighting
  1907 | D        | Reached skill level 15 in Armour
  1907 | D        | Reached skill level 15 in Shields
  1907 | D        | Killed a spriggan berserker
  1907 | D        | Killed a spriggan defender
  1907 | D        | Reached skill level 15 in Invocations
  1907 | D        | Killed a shambling mangrove
  1908 | D        | Killed a spriggan berserker
  1910 | D        | Killed an apis
  1912 | D        | Killed a shambling mangrove
  2046 | D        | Got the Reference Book on the Entourage
  2054 | D        | Entered arena 14.
  2055 | D        | Noticed an ettin
  2057 | D        | Reached XP level 13. HP: 93/93 MP: 24/24
  2058 | D        | Found a transporter.
  2064 | D        | Killed an ettin
  2072 | D        | Got the Catalogue of Lethal Cold
  2082 | D        | Got the +8 chain mail of Eqosm {Str+6}
  2092 | D        | Got Sif Muna's Catalogue of Heat and Lightness
  2099 | D        | Got the +6 plate armour of Integrity {rN+}
  2104 | D        | Got the cursed +2 morningstar of the Purse {flame, +Inv}
  2111 | D        | Entered arena 15.
  2111 | D        | Noticed a crystal guardian
  2111 | D        | Noticed a crystal guardian
  2113 | D        | Noticed a quicksilver dragon
  2115 | D        | Killed a quicksilver dragon
  2115 | D        | Killed a crystal guardian
  2116 | D        | Killed a crystal guardian
  2120 | D        | Found a transporter.
  2141 | D        | Got the Catalogue of Unstable Boosts
  2149 | D        | Got the ring "Zidi Jua" {rC+ EV+2}
  2152 | D        | Entered arena 16.
  2153 | D        | Noticed a frost giant
  2156 | D        | Found a transporter.
  2163 | D        | Killed a frost giant
  2169 | D        | Got the Handbook of Floating Calling
  2388 | D        | Entered arena 17.
  2389 | D        | Noticed an entropy weaver
  2391 | D        | Noticed a ghost moth
  2391 | D        | Noticed an emperor scorpion
  2391 | D        | Noticed an entropy weaver
  2392 | D        | Reached skill level 15 in Axes
  2392 | D        | Killed a ghost moth
  2392 | D        | Killed an entropy weaver
  2392 | D        | Gained mutation: Your large and strong wings let you fly
                  | indefinitely. [Gargoyle growth]
  2392 | D        | Reached XP level 14. HP: 103/103 MP: 26/26
  2394 | D        | Found the amulet of the Air {Inacc +Fly rElec EV+5 RMsl}
  2394 | D        | Found a transporter.
  2395 | D        | Killed an entropy weaver
  2406 | D        | Killed an emperor scorpion
  2532 | D        | Got the +3 dagger "Qingeheg" {flame, MP+9}
  2536 | D        | Found the +0 pair of fencer's gloves {Riposte Dex+3}
  2577 | D        | Entered arena 18.
  2578 | D        | Noticed a storm dragon
  2578 | D        | Noticed a storm dragon
  2579 | D        | Noticed a storm dragon
  2580 | D        | Noticed a storm dragon
  2580 | D        | Noticed a storm dragon
  2581 | D        | Killed a storm dragon
  2582 | D        | Killed a storm dragon
  2582 | D        | Killed a storm dragon
  2585 | D        | Killed a storm dragon
  2591 | D        | Killed a storm dragon
  2595 | D        | Found a transporter.
  2605 | D        | Got the +1 robe of the Slightly Bent {rCorr Str+3}
  2806 | D        | Entered arena 19.
  2808 | D        | Noticed a lich
  2809 | D        | Noticed a reaper
  2815 | D        | Killed a reaper
  2816 | D        | Killed a lich
  2821 | D        | Found a transporter.
  3167 | D        | Got the Incunabulum of Toxic Black Secrets
  3197 | D        | Entered arena 20.
  3201 | D        | Noticed a reaper
  3201 | D        | Noticed a Brimstone Fiend
  3202 | D        | Killed a reaper
  3206 | D        | Killed a Brimstone Fiend
  3206 | D        | Reached XP level 15. HP: 77/110 MP: 14/29
  3213 | D        | Found a transporter.
  3229 | D        | Got the +1 hunting sling "Raybuz" {elec, +Blink rF+ Int+2}
  3234 | D        | Got the Almanac of the Soldier
  3247 | D        | Got Ziamyop's Guide on Earth and Poison
  3253 | D        | Got the ring "Cucvo" {rN+ MR+++ Str+7 Dex-5 SInv}
  3535 | D        | Entered arena 21.
  3539 | D        | Noticed a greater mummy
  3539 | D        | Noticed a greater mummy
  3540 | D        | Noticed a greater mummy
  3543 | D        | Killed a greater mummy
  3543 | D        | Killed a greater mummy
  3549 | D        | Killed a greater mummy
  3829 | D        | Found a transporter.
  3836 | D        | Got the Disquisition on Floating Enchantment
  3840 | D        | Got the Collected Works on the Mutagenic Volcanoes
  3855 | D        | Found the -2 hat of the Alchemist {rElec rPois rF+ rC+ rN+
                  | MR+ rMut rCorr}
  3866 | D        | Got Aggydezah's Incunabulum of Assistive Cold
  3885 | D        | Entered arena 22.
  3887 | D        | Noticed Hybaorchysi the pandemonium lord
  3888 | D        | Noticed Adaosazu the pandemonium lord
  3888 | D        | Noticed Jatzago the pandemonium lord
  3888 | D        | Noticed a cacodemon
  3888 | D        | Noticed a cacodemon
  3888 | D        | Noticed Voas the pandemonium lord
  3888 | D        | Noticed Iluenauw the pandemonium lord
  3888 | D        | Noticed Fabuic the pandemonium lord
  3888 | D        | Noticed Wocrof the pandemonium lord
  3888 | D        | Noticed Meif the pandemonium lord
  3889 | D        | Noticed Acir the pandemonium lord
  3889 | D        | Noticed Xehomep the pandemonium lord
  3889 | D        | Noticed Damecaug the pandemonium lord
  3889 | D        | Noticed a balrug
  3889 | D        | Noticed Ulliu the pandemonium lord
  3889 | D        | Noticed a balrug
  3889 | D        | Noticed Ucue the pandemonium lord
  3889 | D        | Noticed Dutwop the pandemonium lord
  3889 | D        | Noticed Wieror the pandemonium lord
  3889 | D        | Noticed Xaarec the pandemonium lord
  3889 | D        | Noticed Xavintec the pandemonium lord
  3890 | D        | Killed Ucue the pandemonium lord
  3890 | D        | Killed Wocrof the pandemonium lord
  3890 | D        | Killed Meif the pandemonium lord
  3890 | D        | Reached XP level 16. HP: 116/116 MP: 30/32
  3890 | D        | Killed Dutwop the pandemonium lord
  3890 | D        | Killed Xavintec the pandemonium lord
  3890 | D        | Reached skill level 27 in Invocations
  3892 | D        | Identified the +0 hunting sling of Ganlaiseu {elec, *Slow
                  | Int+5}
  3892 | D        | Killed Iluenauw the pandemonium lord
  3892 | D        | Killed Voas the pandemonium lord
  3892 | D        | Noticed Haafouga the pandemonium lord
  3893 | D        | Killed Xaarec the pandemonium lord
  3893 | D        | Killed Wieror the pandemonium lord
  3893 | D        | Reached skill level 10 in Dodging
  3894 | D        | Killed Adaosazu the pandemonium lord
  3894 | D        | Reached XP level 17. HP: 100/125 MP: 9/34
  3895 | D        | Noticed Iwnyuloi the pandemonium lord
  3897 | D        | Killed Acir the pandemonium lord
  3902 | D        | HP: 5/126 [Damecaug the pandemonium lord (14)]
  3904 | D        | Killed Ulliu the pandemonium lord
  3905 | D        | Killed Xehomep the pandemonium lord
  3905 | D        | Killed Haafouga the pandemonium lord
  3905 | D        | Reached skill level 27 in Armour
  3905 | D        | Killed Jatzago the pandemonium lord
  3905 | D        | Killed Fabuic the pandemonium lord
  3905 | D        | HP: 2/131 [Iwnyuloi the pandemonium lord/bolt of dispelling
                  | energy (8)]
  3909 | D        | Killed Iwnyuloi the pandemonium lord
  3909 | D        | Reached skill level 15 in Dodging
  3919 | D        | Killed Hybaorchysi the pandemonium lord
  3919 | D        | Reached XP level 18. HP: 71/140 MP: 19/35
  3929 | D        | Killed Damecaug the pandemonium lord
  3931 | D        | Found a transporter.
  4249 | D        | Got the +3 leather armour "Dot Fyi" {rElec rN+ Stlth+}
  4254 | D        | Got the ring of Nioganiq {+Inv rF- MR+++ AC+2 Stlth+}
  4262 | D        | Got Diocaliq's Compendium of Shifting Augmentations
  4267 | D        | Got the Catalogue of Flight and the Volcanoes
  4280 | D        | Got the +6 scimitar of Trauma {elec, rC++}
  4283 | D        | Got the Tome of Earthen Transformation
  4287 | D        | Got the +9 shortbow of Conflict {venom, Fragile Dex+5 SInv}
  4293 | D        | Entered arena 23.
  4305 | D        | Found a transporter.
  4477 | D        | Got the Collected Works on Ghastly Heat
  4486 | D        | Got the +6 short sword of Dismay {antimagic, Str+3}
  4490 | D        | Got the +1 falchion "Yhingoul" {slice, rPois rN+ MR+ Int+3}
  4513 | D        | Got the +1 pair of gloves of Qazlal's Hatred {rElec Str+3
                  | Dex+4 Slay+6}
  4521 | D        | Entered arena 24.
  4529 | D        | Noticed a shard shrike
  4533 | D        | Found the cursed +4 dagger "Morg" {pain, MR+ Int+12 *Curse}
  4533 | D        | Found a transporter.
  4539 | D        | Killed a shard shrike
  4539 | D        | Reached skill level 27 in Fighting
  4539 | D        | Reached skill level 27 in Shields
  4664 | D        | Got the +1 pair of boots "Puappay" {rCorr Dex+2 SInv}
  4681 | D        | Got the +11 trident of Duol {antimagic, *Slow rC+ rN+ MR++}
  4723 | D        | Got Megy's Reference Book on the Twisted Arsonist
  4758 | D        | Got the cursed +1 flail "Quarazunn" {venom, +Fly rN+ Dex+2}
  4778 | D        | Entered arena 25.
  4788 | D        | Found the +8 longbow "Zephyr" {speed, Dex+3 SInv}
  4790 | D        | Reached XP level 19. HP: 151/151 MP: 29/36
  4799 | D        | Found a transporter.
  4840 | D        | Got the Grimoire of the Supportive Glacier
  4879 | D        | Entered arena 26.
  4887 | D        | Noticed a juggernaut
  4887 | D        | Noticed an iron giant
  4887 | D        | a juggernaut changed into an iron giant
  4887 | D        | Noticed a golden dragon
  4887 | D        | a glowing shapeshifter changed into a golden dragon
  4888 | D        | Noticed a juggernaut
  4888 | D        | a glowing shapeshifter changed into a juggernaut
  4888 | D        | Noticed a shard shrike
  4888 | D        | a glowing shapeshifter changed into a shard shrike
  4888 | D        | Noticed an iron giant
  4888 | D        | an acid blob changed into an iron giant
  4888 | D        | an iron giant changed into an acid blob
  4888 | D        | a golden dragon changed into an iron dragon
  4889 | D        | Noticed a shard shrike
  4889 | D        | Noticed a shard shrike
  4889 | D        | Identified the +2 robe of Zalag {rC+}
  4889 | D        | Noticed a caustic shrike
  4889 | D        | a shard shrike changed into an iron dragon
  4889 | D        | a juggernaut changed into an acid blob
  4889 | D        | an iron giant changed into a stone giant
  4890 | D        | Found the +3 Elemental Staff {rElec rF++ rC++ MR++ AC+5}
  4890 | D        | Noticed a juggernaut
  4890 | D        | Killed a caustic shrike
  4890 | D        | Killed a shard shrike
  4890 | D        | Killed a shard shrike
  4890 | D        | Reached skill level 27 in Dodging
  4892 | D        | Noticed a golden dragon
  4893 | D        | Found a transporter.
  4895 | D        | Noticed a shard shrike
  4895 | D        | a titan changed into a shard shrike
  4900 | D        | Killed a golden dragon
  4900 | D        | Noticed a golden dragon
  4900 | D        | a shard shrike changed into a golden dragon
  4904 | D        | Noticed a caustic shrike
  4904 | D        | a golden dragon changed into a caustic shrike
  4909 | D        | a caustic shrike changed into a shadow dragon
  4928 | D        | Got the +4 plate armour of a bailey {rPois Int-4 SInv
                  | Stlth+}
  4948 | D        | Found the +7 Spriggan's Knife {stab, EV+4 Stlth+}
  4963 | D        | Got the Collected Works on Ghastly Ice
  4975 | D        | Got the Collected Works on the Birds and Moulding
  4983 | D        | Got the Handbook of Dusty Stolen Souls
  5032 | D        | Entered arena 27.
  5043 | D        | Identified the cursed +1 quarterstaff "Hydrabane" {freeze,
                  | rPois Dex+2}
  5047 | D        | Identified the +5 long sword "Maohedghuitz" {protect, rF+}
  5051 | D        | Reached XP level 20. HP: 157/157 MP: 21/37
  5071 | D        | Found the amulet of Vitality {Regen+ HP+15}
  5073 | D        | Found a transporter.
  5150 | D        | Got the Disquisition on the Frostbite and Bewitchment
  5181 | D        | Entered arena 28.
  5191 | D        | Noticed a bone dragon
  5193 | D        | Found the +8 glaive of the Guard {elec, +Rage AC+5 SInv}
  5196 | D        | Reached skill level 27 in Axes
  5196 | D        | Reached skill level 5 in Spellcasting
  5197 | D        | Reached skill level 10 in Spellcasting
  5202 | D        | Noticed a Shadow Fiend
  5203 | D        | Killed a bone dragon
  5208 | D        | Reached skill level 15 in Spellcasting
  5209 | D        | Killed a Shadow Fiend
  5210 | D        | Found a transporter.
  5292 | D        | Got the Catalogue of Flight
  5316 | D        | Got Urad's Papyrus of Battle Magic
  5332 | D        | Got the Guide on Contamination and Flames
  5375 | D        | Got the Orb of Zot
  7005 | D        | Reached XP level 21. HP: 163/163 MP: 45/47
  7006 | D        | Reached XP level 22. HP: 169/169 MP: 45/48
  7010 | D        | Escaped with the Orb!

Skill      XL: |  1  2  3  4  5  6  7  8  9 10 11 12 13 14 15 16 17 18 19 20 21 |
---------------+----------------------------------------------------------------+-----
Axes           | 5 6 7 8 9 11 12 13 15 16 18 23 27 | 27.0
Fighting       | 7 8 9 10 11 13 14 16 17 18 20 24 27 | 27.0
Armour         | 7 8 9 10 11 13 14 16 17 22 24 26 27 | 27.0
Shields        | 7 8 9 10 11 13 14 16 17 18 20 24 27 | 27.0
Invocations    | 5 7 8 9 11 12 14 15 17 20 25 27 | 27.0
Dodging        | 11 16 22 27 | 27.0
Spellcasting   | 22 | 22.3
Conjurations   | 2 |  2.1
Fire Magic     | 2 |  2.9
Earth Magic    | 2 |  2.3

Action                   |  1- 3 |  4- 6 |  7- 9 | 10-12 | 13-15 | 16-18 | 19-21 | 22-24 || total
-------------------------+-------+-------+-------+-------+-------+-------+-------+-------++-------
Melee: Broad axe         |     9 |     1 |    10 |    21 |    58 |    35 |   134 |       ||   268
Invok: Upheaval          |       |       |     5 |       |     6 |       |     3 |       ||    14
       Disaster Area     |       |       |       |     7 |    15 |     8 |     9 |       ||    39
 Abil: Fly               |       |       |       |       |     1 |       |       |       ||     1
  Use: Potion            |       |       |     2 |       |     5 |    14 |     1 |       ||    22
       Scroll            |       |       |       |       |       |       |     7 |       ||     7
 Stab: Distracted        |       |       |       |       |       |       |     1 |       ||     1
  Eat: Chunk             |       |       |       |     1 |     1 |       |       |       ||     2
       Ration            |       |       |       |     1 |     1 |     1 |     2 |       ||     5
Armor: Plate armour      |    10 |     1 |    11 |     6 |    23 |    26 |    10 |       ||    87
       Gold dragon scale |       |       |       |       |       |       |     4 |       ||     4
Dodge: Dodged            |       |       |       |     2 |     6 |    13 |    32 |       ||    53
       Deflected         |       |       |       |       |       |     2 |     2 |       ||     4
Block: Shield            |    24 |     3 |    19 |    35 |   110 |   104 |   181 |       ||   476
       Reflection        |       |       |       |       |     3 |     4 |     1 |       ||     8
       Rpst.: Broad axe  |       |       |       |       |       |     8 |     3 |       ||    11
